AoeStats
← Cambowarrior!

Arabia

508221871Analyzed
1v1 RM · 12d ago on Sep 21, 2026· 45m 14s· 2 players
Game mode
Random Map
Map size
Tiny (2 player)
Population
200
Speed
Normal
Resources
Standard
Victory
Conquest
Starting age
Dark Age
Ending age
Imperial Age
RankedLock teamsTeams togetherTeam positionsShared explorationLock speedFull tech treeHidden civsTurbo modeCheats
Victory
Defeat
🇹🇷 Goths · Türkiye
868
+17
🇨🇱 Saracens · Chile
880
-17
ılıJoKeRılı
11:35 Feudal Age
10:07 Loom
12:07 Man-at-Arms
12:42 Double-Bit Axe
12:39 Horse Collar
13:20 Scale Mail Armor
17:35 Wheelbarrow
22:52 Castle Age
22:00 Gold Mining
22:39 Forging
23:08 Fletching
23:18 Long Swordsman
24:01 Squires
24:19 Chain Mail Armor
24:18 Bow Saw
24:12 Heavy Plow
25:38 Stone Mining
27:07 Hand Cart
28:55 Iron Casting
31:08 Stone Shaft Mining
31:39 Bodkin Arrow
37:03 Imperial Age
37:05 Two-Handed Swordsman
39:22 Blast Furnace
37:46 Champion
38:58 Town Watch
40:24 Conscription
41:12 Anarchy
41:08 Elite Huskarl
44:36 Crop Rotation
45:12 Two-Man Saw
Cambowarrior!
9:38 Feudal Age
20:51 Castle Age
20:54 Horse Collar
28:36 Crossbowman
31:38 Fletching
33:52 Padded Archer Armor
Connection lost

Rejoining the realm…

Still unreachable

The connection could not be restored.

Session expired

The server has moved on; the page needs a fresh start.